 Dungeon Crawl Stone Soup version 0.18-a0-23-g19353e1 (webtiles) character file.

899 tp1 the Firebug (level 7, -4/36 HPs)
             Began as a Deep Elf Fire Elementalist on Nov 2, 2015.
             Shot with an arrow by a centaur (11 damage)
             ... on level 5 of the Dungeon.
             The game lasted 00:34:58 (6375 turns).

tp1 the Firebug (Deep Elf Fire Elementalist)        Turns: 6375, Time: 00:34:58

Health: -4/36      AC:  3    Str:  5    XL:     7   Next: 79%
Magic:  6/17       EV: 12    Int: 24    God:
Gold:   199        SH:  0    Dex: 15    Spells: 5 memorised, 2 levels left

rFire  . . .     SeeInvis .     y - +0 quarterstaff
rCold  . . .     Clarity  .     a - +0 robe
rNeg   . . .     SustAt   .     (shield currently unavailable)
rPois  .         Gourm    .     (no helmet)
rElec  .         Spirit   .     j - +0 cloak (curse)
rCorr  .         Warding  .     (no gloves)
rMut   .         Stasis   .     (no boots)
MR     .....                    (no amulet)
Stlth  ++........               p - +4 ring of evasion
                                v - +2 ring of intelligence

@: lethally poisoned (-4 -> -11), not resistant to hostile enchantments,
unstealthy
A: mutation resistance 1
a: no special abilities


You were on level 5 of the Dungeon.
You were very hungry.

You visited 1 branch of the dungeon, and saw 5 of its levels.

You collected 199 gold pieces.

Inventory:

Hand Weapons
 u - a +0 dagger
 w - a +0 antimagic dagger
 y - a +0 quarterstaff (weapon)
Missiles
 m - 5 javelins (quivered)
Armour
 a - a +0 robe (worn)
 j - a cursed +0 cloak (worn)
Jewellery
 p - a +4 ring of evasion (right hand)
 v - a +2 ring of intelligence (left hand)
Wands
 r - a wand of magic darts (21)
Scrolls
 d - 5 scrolls of teleportation {unknown}
 e - 2 scrolls of blinking {unknown}
 g - 3 scrolls of identify {unknown}
 h - a scroll of enchant armour {unknown}
 l - 2 scrolls of recharging {unknown}
 q - a scroll of remove curse {unknown}
 x - a scroll of immolation {unknown}
Potions
 f - a potion of invisibility {unknown}
 k - a potion of mutation
 o - a potion of curing {unknown}
 s - a potion of heal wounds
 t - a potion of ambrosia {unknown}
 z - a potion of lignification {unknown}
Books
 b - a book of Flames

   Spells                             Type                      Level
   a - Flame Tongue                   Conjuration/Fire             1
   b - Throw Flame                    Conjuration/Fire             2
   c - Conjure Flame                  Conjuration/Fire             3
   d - Inner Flame                    Hexes/Fire                   3
   e - Sticky Flame                   Conjuration/Fire             4
   f - Fireball                       Conjuration/Fire             5
 n - a book of Maledictions

   Spells                             Type                      Level
   a - Corona                         Hexes                        1
   b - Ensorcelled Hibernation        Hexes/Ice                    2
   c - Confuse                        Hexes                        3
   d - Tukima's Dance                 Hexes                        3
   e - Dazzling Spray                 Conjuration/Hexes            3
Comestibles
 c - 3 bread rations
 i - a meat ration
 A - a royal jelly


   Skills:
 - Level 2.4 Dodging
 - Level 2.4 Stealth
 + Level 5.8 Spellcasting
 - Level 6.0 Conjurations
 - Level 3.6 Hexes
 - Level 6.3 Fire Magic


You had 2 spell levels left.
You knew the following spells:

 Your Spells              Type           Power        Failure   Level  Hunger
a - Flame Tongue          Conj/Fire      #####        1%          1    None
b - Conjure Flame         Conj/Fire      #####...     1%          3    #......
c - Inner Flame           Hex/Fire       ####....     3%          3    #......
d - Fireball              Conj/Fire      #####.....   21%         5    #####..
e - Tukima's Dance        Hex            ###.....     6%          3    #......


Dungeon Overview and Level Annotations

Branches:
Dungeon (5/15)
 Temple: D:4-7

Altars:
Yredelemnul

Portals:
Sewer: D:5


Innate Abilities, Weirdness & Mutations

You are somewhat resistant to further mutation.


Message History

The flame tongue hits the scorpion.
The scorpion is heavily wounded.
A centaur opens the door.
The scorpion stings you.
Casting: Flame Tongue
Confirm with . or Enter, or press ? or * to list all spells.
Aiming: Flame Tongue
Press: ? - help, Shift-Dir - straight line, f/p - scorpion
Aim: a scorpion (heavily wounded)
The flame tongue hits the scorpion.
The scorpion is almost dead.
The centaur shouts!
The centaur wields a shortbow.
The centaur shoots an arrow.
The arrow closely misses you. The scorpion stings you!
You are poisoned.
The scorpion poisons you!
You can't go up here!
You feel sick. The scorpion stings you.
* * * LOW HITPOINT WARNING * * *
The centaur shoots an arrow.
The arrow hits you!
You die...

#......# ...$.[.#
#......# +......+ # ##
......#########.# ..
#c#..c.........[#
####.#.###.###!...####
#.....@s§..S.#<.......
#...$..##.##......S$..
#...$!...........S≈≈≈r
#.......#........≈≈≈≈≈
#...(...#.s..#+..≈≈∩≈≈
####+##.#....# ..≈≈≈≈≈
...##.# ...≈≈≈s
###..... .....S. # #.
....?


You could see a centaur, a scorpion and an adder.

Vanquished Creatures
  The ghost of ventricule the Changer, an amateur OpTm (D:3)
  A human (D:4)
  A phantom (D:4)
  A scorpion (D:3)
  A gnoll shaman (D:4)
  A giant frog skeleton (D:5)
  A human zombie (D:4)
  A hound (D:4)
  4 orc wizards
  A killer bee zombie (D:5)
  A worker ant (D:4)
  7 gnolls
  3 adders
  2 oozes (D:1)
  2 worms (D:2)
  3 giant geckos
  11 orcs
  3 goblins
  12 hobgoblins
  9 jackals
  6 kobolds
  2 quokkas
  8 bats
  A giant cockroach (D:3)
  3 giant newts
  2 jackal skeletons (D:4)
  A quokka skeleton (D:4)
  A rat (D:2)
90 creatures vanquished.

Vanquished Creatures (others)
  An iguana (D:4)
  2 orcs (D:4)
3 creatures vanquished.

Grand Total: 93 creatures vanquished

Notes
Turn   | Place    | Note
--------------------------------------------------------------
     0 | D:1      | tp1 the Deep Elf Fire Elementalist began the quest for the Orb.
     0 | D:1      | Reached XP level 1. HP: 10/10 MP: 6/6
  1032 | D:1      | Reached XP level 2. HP: 10/15 MP: 2/8
  1408 | D:2      | Reached XP level 3. HP: 19/19 MP: 5/9
  1414 | D:2      | Learned a level 3 spell: Conjure Flame
  1418 | D:2      | Learned a level 3 spell: Inner Flame
  2138 | D:2      | Reached skill level 4 in Spellcasting
  2945 | D:2      | Reached XP level 4. HP: 24/24 MP: 0/12
  3160 | D:2      | Reached skill level 5 in Spellcasting
  3787 | D:3      | Noticed ventricule's ghost (amateur OpTm)
  3795 | D:3      | Killed ventricule's ghost
  3795 | D:3      | Reached skill level 5 in Conjurations
  3795 | D:3      | Reached XP level 5. HP: 28/28 MP: 3/14
  3795 | D:3      | Reached XP level 6. HP: 32/32 MP: 3/15
  4254 | D:3      | Reached skill level 6 in Conjurations
  4644 | D:4      | Found a runed door.
  4644 | D:4      | Noticed a human
  4649 | D:4      | Found a basalt altar of Yredelemnul.
  4862 | D:3      | Gained mutation: You are somewhat resistant to further mutation. [potion of mutation]
  4867 | D:3      | Reached skill level 5 in Fire Magic
  5143 | D:4      | Reached XP level 7. HP: 36/36 MP: 4/16
  5433 | D:3      | Learned a level 5 spell: Fireball
  5641 | D:4      | Killed a human
  5647 | D:4      | Learned a level 3 spell: Tukima's Dance
  5888 | D:4      | Found a basalt altar of Yredelemnul.
  6152 | D:5      | Entered Level 5 of the Dungeon
  6310 | D:5      | Found a glowing drain.
  6375 | D:5      | Shot with an arrow by a centaur

Vault maps used:
D:1:      dpeg_arrival_round_b
D:4:      dk_yredelemnul_ordeal
D:5:      lemuel_ratsnest, minmay_temple_entry_crystal_x, portal_sewer_entry_a,
          first_bread

Action                   |  1- 3 |  4- 6 |  7- 9 || total
-------------------------+-------+-------+-------++-------
Throw: Javelin           |     2 |       |       ||     2
 Cast: Flame Tongue      |    68 |    55 |    47 ||   170
       Conjure Flame     |     7 |     8 |     4 ||    19
       Inner Flame       |     5 |     6 |     4 ||    15
       Fireball          |       |       |     1 ||     1
  Use: Potion            |       |     2 |       ||     2
  Eat: Chunk             |     6 |     8 |     3 ||    17
